 Dungeon Crawl Stone Soup version 0.29-a0-520-gc852659d43 (webtiles) character file.

Game seed: 14000659598705811440

62 hquester1 the Shield-Bearer (level 3, -1/36 (37) HPs)
             Began as a Troll Fighter on May 31, 2022.
             Slain by Robin
             ... wielding a +8 whip of flaming
              (13 damage)
             ... on level 2 of the Dungeon.
             The game lasted 00:02:43 (770 turns).

hquester1 the Shield-Bearer (Troll Fighter)          Turns: 770, Time: 00:02:44

HP:   -1/36 (37)    AC:  4    Str: 30    XL:     3   Next: 85%
MP:   2/2           EV:  9    Int:  4    God:
Gold: 60            SH:  7    Dex: 11    Spells: 2/2 levels left

rFire   . . .      SeeInvis .     - Unarmed
rCold   . . .      Faith    .   b - +0 kite shield
rNeg    . . .      Spirit   .   a - +0 robe
rPois   .          Reflect  .   (helmet restricted)
rElec   .          Harm     .   (no cloak)
rCorr   .          Rampage  .   (gloves unavailable)
Will    .....                   (boots unavailable)
Stlth   +.........              (no amulet)
HPRegen 0.92/turn               e - +6 ring of strength
MPRegen 0.08/turn               (no ring)

@: lightly drained
A: large, unfitting armour, claws 3, regeneration 1, shaggy fur 1, tough skin 1
a: no special abilities


You were on level 2 of the Dungeon.
You visited 1 branch of the dungeon, and saw 2 of its levels.

You collected 60 gold pieces.

Inventory:

Armour
 a - a +0 robe (worn)
 b - a +0 kite shield (worn)
Jewellery
 e - a +6 ring of strength (left claw)
Scrolls
 g - a scroll of fear {unknown}
 j - a scroll of identify {unknown}
Potions
 c - a potion of might
 d - a potion of degeneration {unknown}
 f - 2 potions of brilliance {unknown}
 h - a potion of cancellation {unknown}
 i - a potion of mutation {unknown}
 k - 2 potions of flight {unknown}


   Skills:
 * Level 3.0 Fighting
 + Level 2.8 Dodging
 + Level 3.1 Shields
 + Level 2.5 Unarmed Combat


You had 2 spell levels left.
You didn't know any spells.
Your spell library was empty.

Dungeon Overview and Level Annotations

Branches:
Dungeon (2/15)

Altars:

Annotations:
D:2 Robin


Innate Abilities, Weirdness & Mutations

You are too large for most types of armour.
You have claws for hands.
Your natural rate of healing is unusually fast.
You are covered in fur. (AC +1)
You have tough skin. (AC +1)


Message History

The goblin attacks as you move away! The goblin hits you but does no damage.
The goblin unwields a +0 club.
The goblin wields a +0 hunting sling.
The goblin shoots a sling bullet.
The sling bullet hits you. The goblin hits you with a +0 dagger.
The hobgoblin attacks as you move away! You block the hobgoblin's attack.
Robin throws the goblin at you! The goblin hits you with a +0 dagger.
You scratch the goblin.
The goblin is heavily wounded.
The goblin hits you with a +0 dagger. You block the goblin's attack.
The goblin falls through a shaft!
The shaft crumbles and collapses.
You claw the goblin!
You kill the goblin!
The goblin hits you but does no damage.
The goblin no longer looks unusually strong.
Things that are here:
a +0 dagger; a goblin corpse You barely miss the goblin.
The goblin hits you with a +0 dagger. Robin throws the goblin at you!
You closely miss the goblin.
The goblin no longer looks unusually strong.
You block the goblin's attack. The goblin hits you with a +0 dagger.
You claw the goblin!
You kill the goblin!
The goblin hits you with a +0 club.
You claw the goblin!
You kill the goblin!
The goblin hits you with a +0 club.
* * * LOW HITPOINT WARNING * * *
You claw Robin!
Robin is almost dead.
The hobgoblin no longer looks unusually strong.
Robin roars a battlecry!
The hobgoblin goes into a battle-frenzy!
You block the goblin's attack.
You barely miss Robin.
Robin is almost dead.
The goblin no longer looks unusually strong.
The hobgoblin no longer looks unusually strong.
Robin hits you with a +8 whip of flaming!
You die...

#.)..###..#
###.†#......#
###g.)##...#
#...#..†.# #..g#.†###
#.....g# #...##g#
#.#. #...##g# #...
#...##@## #..# .##
#...##.g# #..# ..##
#######.## #.. ..#
#.....># #.# #.##
#..<.#.####.######..#
#.................#.#
#....#......#####.#..
#####....########....
#................


You could see Robin, 2 hobgoblins and a goblin.

Vanquished Creatures
  A gnoll (D:1)
  An adder (D:2)
  A dart slug (D:2)
  3 ball pythons (D:1)
  3 bats (D:1)
  4 giant cockroaches (D:1)
  10 goblins
  7 hobgoblins
  A quokka (D:1)
  2 frilled lizards
  3 rats
36 creatures vanquished.

Notes
Turn   | Place    | Note
-------+----------+-------------------------------------------
     0 | D:1      | hquester1 the Troll Fighter began the quest for the Orb.
     0 | D:1      | Reached XP level 1. HP: 22/22 MP: 0/0
   250 | D:1      | Reached XP level 2. HP: 29/29 MP: 1/1
   528 | D:1      | Reached XP level 3. HP: 28/36 MP: 2/2
   647 | D:2      | Found a faded altar of an unknown god.
   749 | D:2      | Noticed Robin
   770 | D:2      | Slain by Robin

Illustrated notes

Levels and vault maps discovered:
D:1:      dpeg_arrival_pond, layout_basic, minmay_shallow_snake_nest
D:2:      layout_rooms, dreamdust_ecumenical_altar_statues, uniq_robin

Skill      XL: |  1  2  3 |
---------------+----------+-----
Shields        | 3 |  3.1
Fighting       | 3 |  3.0
Dodging        | |  2.8
Unarmed Combat | |  2.5

Action                   || total
-------------------------++-------
Melee: Unarmed           ||   108
Armor: Robe              ||    40
Dodge: Dodged            ||    48
Block: Kite shield       ||    47

Table legend: (Time is in decaauts)
 A = Elapsed time spent in this place.
 B = Non-inter-level travel time spent in this place.
 C = Inter-level travel time spent in this place.
 D = Time resting spent in this place.
 E = Time spent auto-exploring this place.
 F = Levels seen in this place.
 G = Mean time per level.
                   A        B        C        D        E       F      G
               +--------+--------+--------+--------+--------+-----+--------+
         Total |    779 |    743 |     36 |      0 |    434 |   2 |  389.5 |
       Dungeon |    779 |    743 |     36 |      0 |    434 |   2 |  389.5 |
               +--------+--------+--------+--------+--------+-----+--------+

Top non-repeatable levels by time:
     D:1: 652 daAuts
     D:2: 127 daAuts
